 Dungeon Crawl Stone Soup version 0.23-a0-703-gdf2d5e0 (webtiles) character file.

8 zishaf the Grave Robber (level 2, -1/20 HPs)
             Began as a Mummy Necromancer on Jan 14, 2019.
             Slain by a goblin
             ... wielding a +0 club
              (3 damage)
             ... on level 1 of the Dungeon.
             The game lasted 00:01:09 (216 turns).

zishaf the Grave Robber (Mummy Necromancer)          Turns: 216, Time: 00:01:09

Health: -1/20      AC:  3    Str: 11    XL:     2   Next: 0%
Magic:  0/6        EV: 11    Int: 14    God:
Gold:   46         SH:  0    Dex: 12    Spells: 5/7 levels left

rFire    x . .     SeeInvis .   (no weapon)
rCold    + . .     Gourm    .   (no shield)
rNeg     + + +     Faith    .   b - +0 leather armour
rPois    ∞         Spirit   .   (no helmet)
rElec    .         Reflect  .   (no cloak)
rCorr    .         Harm     .   (no gloves)
MR       .....                  (no boots)
Stlth    +.........             (no amulet)
HPRegen  0.06/turn              (no ring)
MPRegen  0.10/turn              (no ring)

@: no status effects
A: no food or potions, fire vulnerability, cold resistance 1, negative energy
resistance 3, torment resistance, unbreathing
a: no special abilities


You were on level 1 of the Dungeon.
You were not hungry.

You visited 1 branch of the dungeon, and saw 1 of its levels.

You collected 46 gold pieces.

Inventory:

Missiles
 d - 16 stones (quivered)
Armour
 a - a +0 robe
 b - a +0 leather armour (worn)
Scrolls
 e - a scroll of magic mapping {unknown}
Comestibles
 c - a chunk of flesh


   Skills:
 + Level 0.5 Fighting
 + Level 1.7 Dodging
 - Level 1.5 Stealth
 + Level 3.0 Spellcasting
 + Level 4.1 Necromancy


You had 5 spell levels left.
You knew the following spells:

 Your Spells              Type           Power        Failure   Level  Hunger
a - Pain                  Necr           ##..         5%          1    N/A
b - Animate Skeleton      Necr           N/A          5%          1    N/A

Your spell library contained the following spells:

 Spells                   Type           Power        Failure   Level  Hunger
 Vampiric Draining        Necr           ##........   16%         3    N/A
 Animate Dead             Necr           N/A          45%         4    N/A
 Regeneration             Chrm/Necr      Unusable     N/A         3    N/A

Dungeon Overview and Level Annotations

Branches:
Dungeon (1/15)

Altars:


Innate Abilities, Weirdness & Mutations

You do not eat or drink.
Your flesh is vulnerable to fire.
You are immune to poison.
Your flesh is cold resistant. (rC+)
You are immune to negative energy. (rN+++)
You are immune to unholy pain and torment.
You can survive without breathing.


Message History

The dart slug writhes in agony!
The bat misses you. The bat hits you but does no damage.
The dart slug bites you. The goblin hits you with a +0 club.
* * * LOW HITPOINT WARNING * * *
Casting: Pain (safe; 5% risk of failure)
Confirm with . or Enter, or press ? or * to list all spells.
Aiming: Pain (safe; 5% risk of failure)
Press: ? - help, Shift-Dir - straight line, f/p - dart slug
Aim: a dart slug (moderately wounded, clinging, chance to defeat MR: 83%)
The dart slug writhes in agony!
The bat closely misses you. The goblin completely misses you.
The dart slug bites you.
* * * LOW HITPOINT WARNING * * *
Casting: Pain (safe; 5% risk of failure)
Confirm with . or Enter, or press ? or * to list all spells.
Aiming: Pain (safe; 5% risk of failure)
Press: ? - help, Shift-Dir - straight line, f/p - dart slug
Aim: a dart slug (severely wounded, clinging, chance to defeat MR: 83%)
The dart slug barely resists.
The bat hits you but does no damage. The goblin hits you with a +0 club.
You die...

#########
........###############
.......w.......g@w...>####
.######.#....!..b....^...#
.# #.#..#############§#
.### #.#.!# #.# .w.#
#.#..# #.# .#.# #.#..##
#.# .#.# #.....# #.# .#.#
#.....# #.# .#.####.....#
#.#


You could see a dart slug, a goblin and a bat.

Vanquished Creatures
  A leopard gecko (D:1)
  A goblin (D:1)
  2 hobgoblins (D:1)
  A frilled lizard (D:1)
  A kobold (D:1)
  A rat (D:1)
7 creatures vanquished.

Notes
Turn   | Place    | Note
-------+----------+-------------------------------------------
     0 | D:1      | zishaf the Mummy Necromancer began the quest for the Orb.
     0 | D:1      | Reached XP level 1. HP: 13/13 MP: 4/4
   132 | D:1      | Learned a level 1 spell: Animate Skeleton
   174 | D:1      | Reached XP level 2. HP: 15/20 MP: 0/6
   216 | D:1      | Slain by a goblin

Vault maps used:
D:1:      lightli_arrival_chessboard, minmay_misc_feat_enclosed

Skill      XL: |  1 |
---------------+----+-----
Spellcasting   | 3 |  3.0
Fighting       | |  0.5
Dodging        | |  1.7
Stealth        | |  1.5
Necromancy     | |  4.1

Action                   || total
-------------------------++-------
Melee: Unarmed           ||     9
 Cast: Pain              ||    14
       Animate Skeleton  ||     1
Armor: Leather armour    ||    22
Dodge: Dodged            ||    26

Table legend:
 A = Non-vault XP
 B = Vault XP
 C = Vault XP percentage of total XP
 D = Non-vault monster count
 E = Vault monster count
 F = Vault count percentage of total count
                 A         B        C        D         E       F
            +---------+---------+-------+---------+---------+-------
      Total |      12 |       0 |   0.0 |       7 |       0 |   0.0
            +---------+---------+-------+---------+---------+-------
        D:1 |      12 |       0 |   0.0 |       7 |       0 |   0.0
            +---------+---------+-------+---------+---------+-------
